 Dungeon Crawl Stone Soup version 0.28-a0-476-g0f06bd746f (webtiles) character file.

Game seed: 5654039987472055120

292 timneilson the Covered (level 6, -4/38 HPs)
             Began as a Gargoyle Fighter on Sept 16, 2021.
             Slain by an ogre (26 damage)
             ... on level 3 of the Dungeon.
             The game lasted 00:08:10 (2794 turns).

timneilson the Covered (Gargoyle Fighter)           Turns: 2794, Time: 00:08:10

Health: -4/38      AC: 15    Str: 21    XL:     6   Next: 33%
Magic:  6/6        EV:  7    Int:  9    God:
Gold:   530        SH:  5    Dex:  9    Spells: 5/5 levels left

rFire   . . .      SeeInvis .   a - +1 long sword
rCold   . . .      Faith    .   c - +1 buckler
rNeg    + . .      Spirit   .   f - +0 chain mail of Wuseazono {Rampage Drain Will+++ Regen+}
rPois   ∞          Reflect  .   (no helmet)
rElec   +          Harm     .   (no cloak)
rCorr   .          Rampage  +   (no gloves)
Will    +++..                   i - +0 pair of boots
Stlth   ..........              (no amulet)
HPRegen 1.12/turn               (no ring)
MPRegen 0.10/turn               (no ring)

@: no status effects
A: sickness immunity, AC +4, negative energy resistance 1, electricity
resistance, torment resistance 1, petrification resistance
a: no special abilities


You were on level 3 of the Dungeon.
You visited 1 branch of the dungeon, and saw 5 of its levels.
You also visited: Sewer.

You collected 786 gold pieces.
You spent 256 gold pieces at shops.

Inventory:

Hand Weapons
 a - a +1 long sword (weapon)
Armour
 c - a +1 buckler (worn)
 f - the +0 chain mail of Wuseazono (worn) {Rampage Drain Will+++ Regen+}
   (You bought it in a shop on level 1 of the Dungeon)

   Regen:     It increases your rate of health regeneration.
   Drain:     It drains your maximum health when unequipped.
   Rampage:   It bestows one free step when moving towards enemies.
   Will:      It greatly increases your willpower.
 i - a +0 pair of boots (worn)
Scrolls
 l - 6 scrolls of enchant armour
 m - a scroll of magic mapping
 o - a scroll of fear
Potions
 b - a potion of mutation {unknown}
 e - 2 potions of heal wounds
 g - a potion of brilliance {unknown}
 h - a potion of curing {unknown}
 k - 3 potions of flight
 n - 2 potions of attraction {unknown}


   Skills:
 + Level 4.1 Fighting
 * Level 3.4 Long Blades
 * Level 5.0 Armour
 * Level 4.8 Shields


You had 5 spell levels left.
You didn't know any spells.
Your spell library contained the following spells:

 Spells                   Type           Power      Damage    Failure   Level
 Summon Guardian Golem    Hex/Summ       0%         N/A       100%        3
 Orb of Destruction       Conj           0%         N/A       100%        7
 Spellforged Servitor     Conj/Summ      0%         N/A       100%        7


Dungeon Overview and Level Annotations

Branches:
Dungeon (5/15)              Sewer (visited)
 Temple: D:4-7

Altars:
Cheibriados
Elyvilon
Makhleb
Ru
Trog

Shops:
D:1 [


Innate Abilities, Weirdness & Mutations

You are immune to sickness and miasma.
Your stone body is resilient. (AC +4)
You are immune to poison.
You resist negative energy. (rN+)
You are resistant to electric shocks. (rElec)
You are resistant to unholy torment.
You are immune to petrification.


Message History

There is a stone staircase leading up here.
You climb upwards.
There is a stone staircase leading down here.
Found a snail-covered altar of Cheibriados.
You now have 530 gold pieces (gained 11).
A goblin comes into view. It is wielding a +1 dagger of freezing.
The goblin hits you with a +1 dagger of freezing.
The goblin freezes you.
You barely miss the goblin. The goblin hits you but does no damage.
You slash the goblin!
You kill the goblin!
No target in view!
No target in view!
No target in view!
No target in view!
No target in view!
No target in view!
No target in view!
No target in view!
No target in view!
No target in view!
No target in view!
No target in view!
No target in view!
No target in view!
You see here a +1 dagger of freezing.
Okay, then.
You rampage towards the ogre!
You hit the ogre but do no damage. The ogre barely misses you.
You hit the ogre.
The ogre is moderately wounded.
The ogre closely misses you.
You slash the ogre!
The ogre is heavily wounded.
The ogre hits you with a +0 giant club!!
You slash the ogre!
The ogre is almost dead.
The ogre hits you with a +0 giant club!!
Ouch! That really hurt!
You die...

#.## #...######
#.########......### #####
##.##.......#### #...>
###.....###### #....
#...#..>.....#### #....
#.#######..#....## #....
##.##.............# #....
#..##.#.........#.##### #####
#.###.###.###@###.....### #.#
#.#.....O...#.###...######
#.###.#.#.#.#P#.#.............
#.....#.........#..####..#####
#.....###.###.###..# ##<...##
####..#.P.._..PP#..# ####...
#..###.###.###..# ####
#..#......P..#..#
#..#P#.#P#.#P#..#


You could see an ogre.

Vanquished Creatures
  An ogre (D:4)
  A hound (D:4)
  A bullfrog skeleton (D:4)
  An iguana (D:4)
  3 adders
  4 worms (Sewer)
  2 dart slugs
  3 orcs
  9 endoplasms
  2 giant cockroaches
  5 goblins
  7 hobgoblins
  7 jackals
  A kobold (D:4)
  4 quokkas
  7 ball pythons
  10 bats
  5 frilled lizards
  2 rats (D:2)
75 creatures vanquished.

Vanquished Creatures (others)
  15 fungi
  4 plants (D:3)
19 creatures vanquished.

Grand Total: 94 creatures vanquished

Notes
Turn   | Place    | Note
-------+----------+-------------------------------------------
     0 | D:1      | timneilson the Gargoyle Fighter began the quest for the
                  | Orb.
     0 | D:1      | Reached XP level 1. HP: 14/14 MP: 1/1
   410 | D:1      | Found Ofodamigh's Antique Armour Boutique.
   427 | D:1      | Reached XP level 2. HP: 17/19 MP: 2/2
   675 | D:1      | Identified a scroll of acquirement
   675 | D:1      | Acquired 579 gold pieces
   712 | D:1      | Bought a distressingly furry chain mail for 256 gold pieces
   712 | D:1      | Identified the +0 chain mail of Wuseazono {Rampage Drain
                  | Will+++ Regen+} (You bought it in a shop on level 1 of the
                  | Dungeon)
  1128 | D:2      | Reached XP level 3. HP: 23/23 MP: 3/3
  1240 | D:3      | Found a faded altar of an unknown god.
  1316 | D:3      | You fall into a shaft and drop 1 floor!
  1317 | D:4      | Found a glowing drain.
  1337 | Sewer    | Entered a sewer
  1352 | Sewer    | Reached skill level 4 in Armour
  1540 | Sewer    | Reached XP level 4. HP: 28/28 MP: 4/4
  1857 | D:4      | Found a bloodstained altar of Trog.
  1857 | D:4      | Noticed an ogre
  1959 | D:3      | Found a sacrificial altar of Ru.
  2103 | D:3      | You fall into a shaft and drop 1 floor!
  2110 | D:4      | Found a white marble altar of Elyvilon.
  2156 | D:4      | Noticed an ogre
  2177 | D:4      | Reached XP level 5. HP: 31/33 MP: 5/5
  2180 | D:4      | Killed an ogre
  2181 | D:4      | Reached XP level 6. HP: 21/38 MP: 6/6
  2238 | D:4      | Found a burning altar of Makhleb.
  2509 | D:4      | Reached skill level 5 in Armour
  2689 | D:5      | Entered Level 5 of the Dungeon
  2692 | D:5      | Noticed a black bear
  2733 | D:3      | Found a snail-covered altar of Cheibriados.
  2794 | D:3      | Slain by an ogre

Illustrated notes

Levels and vault maps discovered:
D:1:      wander_arrival_estate, layout_basic, serial_shops,
          nicolae_shop_statue_plus, minmay_misc_feat_cross
D:2:      layout_rooms, kennysheep_cross_room, minmay_close_crescents
D:3:      layout_rooms, nicolae_ru_sacrificial_ziggurat,
          mainiacjoe_overflow_catwalk,
          shapermc_ecumenical_altar_mp_urbaneastern, roderic_lattice_a
D:4:      layout_loops_cross, mainiacjoe_overflow_chevrons, lemuel_round_altar,
          overflow_temple_1_default, portal_sewer_entry_b, eino_curves_04
D:5:      cheibrodos_thug_alley, layout_cave_pools,
          nicolae_wu_jian_wuxing_cycle, minmay_temple_entry_drinking_statues,
          serial_bayou, serial_bayou_shore_a, serial_bayou_pond_e,
          serial_bayou_pond_c, serial_bayou_pond_b, minmay_misc_feat_rows

Skill      XL: |  1  2  3  4  5  6 |
---------------+-------------------+-----
Long Blades    | 2 3 |  3.4
Armour         | 4 5 |  5.0
Shields        | 4 |  4.8
Fighting       | 4 |  4.1

Action                   |  1- 3 |  4- 6 || total
-------------------------+-------+-------++-------
Melee: Long sword        |   150 |   152 ||   302
  Use: Scroll            |     4 |     5 ||     9
       Potion            |       |     3 ||     3
Armor: Scale mail        |     1 |       ||     1
       Chain mail        |   149 |   117 ||   266
Dodge: Dodged            |    91 |    57 ||   148
Block: Buckler           |    43 |    41 ||    84

Table legend: (Time is in decaauts)
 A = Elapsed time spent in this place.
 B = Non-inter-level travel time spent in this place.
 C = Inter-level travel time spent in this place.
 D = Time resting spent in this place.
 E = Time spent auto-exploring this place.
 F = Levels seen in this place.
 G = Mean time per level.
                   A        B        C        D        E       F      G
               +--------+--------+--------+--------+--------+-----+--------+
         Total |   2968 |   2850 |    118 |      0 |   1947 |   6 |  494.7 |
       Dungeon |   2351 |   2233 |    118 |      0 |   1666 |   5 |  470.2 |
         Sewer |    617 |    617 |      0 |      0 |    281 |   1 |  617.0 |
               +--------+--------+--------+--------+--------+-----+--------+

Top non-repeatable levels by time:
     D:1: 747 daAuts
     D:4: 738 daAuts
   Sewer: 617 daAuts
     D:2: 479 daAuts
     D:3: 375 daAuts
     D:5: 10 daAuts
